 Dungeon Crawl Stone Soup version 0.30-a0-6-g7c9e10e132 (webtiles) character file.

Game seed: 13585200917054714833

345 porpoise the Poker (level 6, -1/48 HPs)
             Began as a Demonspawn Gladiator on Aug 23, 2022.
             Slain by an iguana (13 damage)
             ... on level 3 of the Dungeon.
             The game lasted 00:06:49 (3641 turns).

porpoise the Poker (Demonspawn Gladiator)           Turns: 3641, Time: 00:06:49

Health: -1/48      AC:  5    Str: 16    XL:     6   Next: 32%
Magic:  6/6        EV: 11    Int: 10    God:
Gold:   188        SH:  0    Dex: 14    Spells: 5/5 levels left

rFire   + . .      SeeInvis .    a - +0 trident
rCold   + . .      Faith    .    (no shield)
rNeg    . . .      Spirit   .    q - +0 ring mail
rPois   .          Reflect  .    (helmet restricted)
rElec   .          Harm     .    (no cloak)
rCorr   .          Rampage  .    (no gloves)
Will    .....                    (no boots)
Stlth   +.........               (no amulet)
HPRegen 0.16/turn                o - ring of protection from cold
MPRegen 0.20/turn                s - ring of protection from fire

@: on berserk cooldown, slowed, very slow
A: horns 1, magic regeneration
a: no special abilities


You were on level 3 of the Dungeon.
You visited 1 branch of the dungeon, and saw 4 of its levels.

You collected 188 gold pieces.

Inventory:

Hand Weapons
 a - a +0 trident (weapon)
Missiles
 d - 3 throwing nets (quivered)
 e - a javelin
Armour
 q - a +0 ring mail (worn)
Magical Staves
 l - a staff of earth
Jewellery
 o - a ring of protection from cold (left hand)
 s - a ring of protection from fire (right hand)
Wands
 t - a wand of polymorph (5)
 u - a wand of light (9)
Scrolls
 c - a scroll of silence {unknown}
 g - a scroll of magic mapping {unknown}
 j - a scroll of vulnerability {unknown}
 r - a scroll of amnesia
Potions
 b - a potion of invisibility {unknown}
 h - a potion of heal wounds
 i - 2 potions of curing
 k - 3 potions of brilliance
 m - 2 potions of might {unknown}
 n - a potion of flight {unknown}
 p - a potion of mutation {unknown}


   Skills:
 + Level 4.1 Fighting
 * Level 5.5 Polearms
 - Level 1.7 Throwing
 - Level 2.6 Dodging


You had 5 spell levels left.
You didn't know any spells.
Your spell library was empty.

Dungeon Overview and Level Annotations

Branches:
Dungeon (4/15)
 Temple: D:4-7

Altars:
Ashenzari
Gozag
Qazlal

Shops:
D:1 :


Innate Abilities, Weirdness & Mutations

You have a pair of small horns on your head.
You regenerate magic rapidly.


Message History

The ball python bites you.
* * * LOW HITPOINT WARNING * * *
The ball python constricts you.
* * * LOW HITPOINT WARNING * * *
Unknown command.
You escape the ball python's grasp.
The iguana bites you but does no damage.
The worm bites you.
* * * LOW HITPOINT WARNING * * *
The ball python barely misses you. The ball python closely misses you.
You climb upwards.
There is a stone staircase leading down here.
You barely miss the ball python.
The ball python bites you but does no damage.
The ball python grabs you. The ball python constricts you.
* * * LOW HITPOINT WARNING * * *
The worm closely misses you.
The ball python bites you but does no damage.
The ball python constricts you.
It was a potion of heal wounds.
You feel much better.
The ball python bites you but does no damage.
The ball python constricts you. The worm closely misses you.
You puncture the ball python!
You kill the ball python!
The worm bites you but does no damage. The iguana bites you!
You puncture the worm!
The worm is moderately wounded.
The iguana bites you. The worm barely misses you.
You hit the iguana but do no damage.
You headbutt the iguana, but do no damage.
The iguana barely misses you. The iguana closely misses you.
You closely miss the iguana.
You headbutt the iguana, but do no damage.
The worm bites you!
* * * LOW HITPOINT WARNING * * *
The iguana barely misses you.
You hit the iguana. Your headbutt misses the iguana.
The iguana is moderately wounded.
The iguana bites you!
You die...

###.# #.####.###.#....###.# ....#
#.# #.# #.#.....##.# ###.#
#.####.###..........# ###.#
#.#..........#.###### #...#
#....>########.# #.#.# ###...#
#.# #.#.# ##.## ##+## ....# #w#
##...## #.### #@# ##.....## #..##
##l## ##.......##
#...###########...####.........##
.....................'.........'.
#...###########...####.........##
#..#### #......###.......##
#.....# #.#.##.# ##.....##
#####.# #.#.##.# ##...## #.#
#.#.##.# ##'##


You could see a worm and an iguana.

Vanquished Creatures
  2 phantoms
  A necrophage (D:4)
  An iguana (D:4)
  3 adders
  A worm (D:3)
  3 dart slugs
  An orc (D:3)
  6 bats
  6 endoplasms
  2 giant cockroaches
  5 goblins
  9 hobgoblins
  4 jackals (D:3)
  7 quokkas
  6 ball pythons
  4 frilled lizards
  7 kobolds
  5 rats
73 creatures vanquished.

Notes
Turn   | Place    | Note
-------+----------+-------------------------------------------
     0 | D:1      | porpoise the Demonspawn Gladiator began the quest for the
                  | Orb.
     0 | D:1      | Reached XP level 1. HP: 16/16 MP: 1/1
    42 | D:1      | Found Piket's Book Boutique.
    53 | D:1      | Reached skill level 3 in Polearms
    87 | D:1      | Discovered your monstrous ancestry.
    87 | D:1      | Gained mutation: You have a pair of small horns on your
                  | head. [demonic ancestry]
    87 | D:1      | Reached XP level 2. HP: 17/22 MP: 2/2
   853 | D:2      | Reached XP level 3. HP: 27/28 MP: 3/3
  1349 | D:2      | You fall into a shaft and drop 1 floor!
  1935 | D:3      | Noticed a phantom
  1950 | D:3      | Killed a phantom
  1951 | D:3      | Reached skill level 4 in Polearms
  1951 | D:3      | Reached XP level 4. HP: 8/35 MP: 4/4
  2416 | D:3      | Reached XP level 5. HP: 41/41 MP: 5/5
  2598 | D:3      | Found a stormy altar of Qazlal.
  3188 | D:3      | Found a broken altar of Ashenzari.
  3373 | D:4      | Reached skill level 5 in Polearms
  3600 | D:4      | Gained mutation: You regenerate magic rapidly. [demonic
                  | ancestry]
  3600 | D:4      | Reached XP level 6. HP: 47/47 MP: 6/6
  3626 | D:4      | Found an opulent altar of Gozag.
  3641 | D:3      | Slain by an iguana

Illustrated notes

Levels and vault maps discovered:
D:1:      lightli_arrival_statuegarden, layout_basic, serial_shops, shop
D:2:      layout_loops_ring, serial_rivers, chequers_serial_rivers_small_b,
          chequers_serial_rivers_micro_c, chequers_serial_rivers_micro_a,
          chequers_serial_rivers_small_b, chequers_serial_rivers_large_b
D:3:      layout_loops_corners, mainiacjoe_overflow_alcove_1,
          mainiacjoe_overflow_alcove_4, serial_rivers,
          chequers_serial_rivers_room_b, chequers_serial_rivers_micro_d,
          chequers_serial_rivers_micro_c, chequers_serial_rivers_marsh,
          chequers_serial_rivers_micro_b
D:4:      layout_layer_cave, nicolae_gozag_cash_rules_everything_around_me,
          minmay_temple_entry_overgrown, minmay_bent

Skill      XL: |  1  2  3  4  5  6 |
---------------+-------------------+-----
Polearms       | 3 4 5 |  5.5
Fighting       | 3 4 |  4.1
Throwing       | |  1.7
Dodging        | |  2.6

Action                   |  1- 3 |  4- 6 || total
-------------------------+-------+-------++-------
Melee: Trident           |   130 |   107 ||   237
       Headbutt          |    11 |    19 ||    30
       Punch             |       |     1 ||     1
  Use: Scroll            |     2 |     2 ||     4
       Potion            |     1 |     2 ||     3
 Stab: Sleeping          |     2 |       ||     2
Armor: Leather armour    |    33 |       ||    33
       Ring mail         |     3 |    26 ||    29
Dodge: Dodged            |    86 |    54 ||   140

Table legend: (Time is in decaauts)
 A = Elapsed time spent in this place.
 B = Non-inter-level travel time spent in this place.
 C = Inter-level travel time spent in this place.
 D = Time resting spent in this place.
 E = Time spent auto-exploring this place.
 F = Levels seen in this place.
 G = Mean time per level.
                   A        B        C        D        E       F      G
               +--------+--------+--------+--------+--------+-----+--------+
         Total |   3714 |   3633 |     81 |    949 |   2073 |   4 |  928.5 |
       Dungeon |   3714 |   3633 |     81 |    949 |   2073 |   4 |  928.5 |
               +--------+--------+--------+--------+--------+-----+--------+

Top non-repeatable levels by time:
     D:3: 1470 daAuts
     D:2: 1171 daAuts
     D:1: 749 daAuts
     D:4: 323 daAuts
